[Event "December 5 Early 2023"]
[Site "https://www.chess.com"]
[Date "2023.12.05"]
[Round "1"]
[White "Nakamura, Hikaru"]
[Black "Cervantes Landeiro, Thalia"]
[Result "1-0"]
[Board "1"]
[TimeControl "180+1"]
[WhiteFideId "2016192"]
[BlackFideId "3520498"]
[WhiteElo "3256"]
[BlackElo "2534"]
[WhiteTeam "USA"]
[BlackTeam "USA"]
[WhiteClock "0:01:17"]
[BlackClock "0:00:00"]

1. Nf3 d5 2. d3 Nf6 3. Nbd2 c5 4. e4 Nc6 5. g3 g6 6. Bg2 Bg7 7. O-O O-O 8. Re1 dxe4 9. dxe4 Bg4 10. h3 Bxf3 11. Qxf3 Qc7 12. Qe2 Nd4 13. Qd1 Rad8 14. c3 Nc6 15. f4 e5 16. Qf3 exf4 17. gxf4 Nh5 18. Nf1 c4 19. e5 Rd3 20. Qf2 Ne7 21. Be3 Nf5 22. Be4 Rxe3 23. Nxe3 Nxe3 24. Rxe3 Rd8 25. Rf1 Bf8 26. Kh2 Bc5 27. Qe2 Bxe3 28. Qxe3 Qd7 29. Rf2 b6 30. f5 Qc7 31. Bf3 Ng7 32. fxg6 hxg6 33. Bg4 Re8 34. Re2 Ne6 35. Qg3 Nc5 36. h4 Nd3 37. e6 Qxg3+ 38. Kxg3 fxe6 39. Rxe6 Rxe6 40. Bxe6+ Kg7 41. b4 cxb3 42. axb3 Nc5 43. Bd5 Kf6 44. Kf4 a5 45. Ke3 Ke5 46. Bf7 Kf6 47. Be8 Nxb3 48. Kd3 Nc5+ 49. Kc4 Ne4 50. Ba4 Ke5 51. Bc2 Kf4 52. Kd4 Ng3 53. Bxg6 Ne2+ 54. Kd3 Nxc3 55. Kxc3 1-0

[Event "December 5 Early 2023"]
[Site "https://www.chess.com"]
[Date "2023.12.05"]
[Round "1"]
[White "Khamdamova, Afruza"]
[Black "Naroditsky, Daniel"]
[Result "0-1"]
[Board "2"]
[TimeControl "180+1"]
[WhiteFideId "14210444"]
[BlackFideId "2026961"]
[WhiteElo "2534"]
[BlackElo "3170"]
[WhiteTeam "UZB"]
[BlackTeam "USA"]
[WhiteClock "0:00:00"]
[BlackClock "0:00:05"]

1. e4 c5 2. Nf3 d6 3. d4 cxd4 4. Nxd4 Nf6 5. Nc3 a6 6. Bg5 e6 7. Qe2 Nbd7 8. O-O-O Qc7 9. f4 Be7 10. Kb1 b5 11. a3 Bb7 12. g4 Nb6 13. Bg2 Rc8 14. Bxf6 gxf6 15. f5 e5 16. Nb3 Nc4 17. Nd5 Bxd5 18. Rxd5 Nb6 19. Rd2 Na4 20. Rd5 Qc3 21. bxc3 Nxc3+ 22. Kb2 Nxe2 23. Bf3 Nc3 24. Rd3 Na4+ 25. Kb1 O-O 26. h4 Kg7 27. Rh2 Rc7 28. Rg2 h6 29. Nc1 Rfc8 30. Na2 a5 31. Rb3 Rc5 32. Rd2 Nb6 33. Be2 Nc4 34. Rd5 Rxd5 35. exd5 Nd2+ 36. Kb2 Nxb3 37. cxb3 Rc5 38. Bf3 h5 39. gxh5 Bd8 40. Nc3 Bb6 41. Be4 b4 42. axb4 axb4 43. Na4 Rb5 44. Bd3 Bd4+ 45. Kc2 Rxd5 46. Bc4 Ra5 47. Bd3 d5 0-1

[Event "December 5 Early 2023"]
[Site "https://www.chess.com"]
[Date "2023.12.05"]
[Round "1"]
[White "Firouzja, Alireza"]
[Black "Gavrilov, Maxim"]
[Result "1-0"]
[Board "3"]
[TimeControl "180+1"]
[WhiteFideId "12573981"]
[BlackFideId "24271454"]
[WhiteElo "3168"]
[BlackElo "2533"]
[WhiteTeam "FRA"]
[BlackTeam "RUS"]
[WhiteClock "0:00:24"]
[BlackClock "0:00:00"]

1. e4 c5 2. Nf3 d6 3. d4 cxd4 4. Nxd4 Nf6 5. Nc3 a6 6. Bg5 e6 7. f3 Be7 8. Qd2 b5 9. a3 Bb7 10. O-O-O Nbd7 11. Kb1 Rc8 12. h4 Ne5 13. g4 h6 14. Be3 Nfd7 15. Be2 Nb6 16. b3 d5 17. exd5 Nxd5 18. Nxd5 Qxd5 19. Bf4 Nc6 20. Nxc6 Qxc6 21. Be5 O-O 22. Bb2 Rfd8 23. Bd3 e5 24. g5 h5 25. Qe3 Bd6 26. Be4 Qc5 27. Qxc5 1-0

[Event "December 5 Early 2023"]
[Site "https://www.chess.com"]
[Date "2023.12.05"]
[Round "1"]
[White "Lewicki, Miroslaw"]
[Black "Andreikin, Dmitry"]
[Result "0-1"]
[Board "4"]
[TimeControl "180+1"]
[WhiteFideId "1113380"]
[BlackFideId "4158814"]
[WhiteElo "2531"]
[BlackElo "3091"]
[WhiteTeam "POL"]
[BlackTeam "FID"]
[WhiteClock "0:00:00"]
[BlackClock "0:00:10"]

1. g3 d5 2. Bg2 Nf6 3. Nf3 Nbd7 4. d4 Nb6 5. O-O Bf5 6. b3 c6 7. Nbd2 h6 8. c4 e6 9. Bb2 Be7 10. Re1 O-O 11. Ne5 a5 12. a3 Bh7 13. e4 a4 14. exd5 exd5 15. c5 Nbd7 16. b4 Re8 17. Bh3 Nf8 18. Nb1 Ne4 19. f3 Ng5 20. Bg2 Nd7 21. Nc3 Nxe5 22. dxe5 d4 23. Nxa4 d3 24. Nb6 Rb8 25. f4 Ne6 26. Nc4 Nd4 27. Nd6 Nc2 28. Nxe8 Qxe8 29. Qd2 Qd8 30. Be4 Bxe4 31. Rxe4 Qd5 32. Rae1 Rd8 33. e6 f5 34. Re5 Qb3 35. Qc3 Qxc3 36. Bxc3 Bf6 37. Rd1 Bxe5 38. Bxe5 Ne3 39. e7 Re8 40. Rxd3 Nd5 41. Bd6 Kf7 42. b5 Ra8 43. Rxd5 cxd5 44. b6 Rxa3 45. c6 Ra1+ 46. Kg2 bxc6 47. b7 Rb1 48. b8=Q Rxb8 49. Bxb8 Kxe7 50. Be5 g5 51. Kf3 c5 52. Bg7 g4+ 53. Ke3 h5 54. Be5 Kd7 55. Kd3 Kc6 56. Kc3 Kb5 57. Bd6 Kc6 58. Bf8 Kb5 59. Kb3 d4 60. Be7 c4+ 61. Kc2 Kc6 62. Kd2 Kd5 63. Bf6 Ke4 64. Ke2 c3 65. Bg7 d3+ 66. Kf2 c2 67. Bb2 d2 0-1

[Event "December 5 Early 2023"]
[Site "https://www.chess.com"]
[Date "2023.12.05"]
[Round "1"]
[White "Niemann, Hans Moke"]
[Black "Yashmetov, Mikhail"]
[Result "1-0"]
[Board "5"]
[TimeControl "180+1"]
[WhiteFideId "2093596"]
[BlackFideId "24198900"]
[WhiteElo "3077"]
[BlackElo "2531"]
[WhiteTeam "USA"]
[BlackTeam "RUS"]
[WhiteClock "0:01:20"]
[BlackClock "0:00:00"]

1. e4 c6 2. Nf3 d5 3. d3 dxe4 4. dxe4 Qxd1+ 5. Kxd1 f6 6. Be3 e5 7. Nfd2 Nd7 8. Nb3 Nb6 9. a4 Be6 10. N1d2 Nh6 11. a5 Nd7 12. f3 Nf7 13. Bc4 Bxc4 14. Nxc4 Nd6 15. Ncd2 Kf7 16. Ke2 Be7 17. Rhd1 Rhd8 18. Ra4 b5 19. axb6 axb6 20. Rda1 Rxa4 21. Rxa4 c5 22. Ra7 Ke6 23. c3 Nb5 24. Ra6 Nc7 25. Ra7 Nb5 26. Ra2 Nc7 27. Nc4 Ra8 28. Rxa8 Nxa8 29. Nbd2 Nc7 30. Na3 b5 31. c4 bxc4 32. Ndxc4 Na6 33. Nb5 Bd8 34. Kd2 Nb4 35. Kc3 Nc6 36. Kd3 Nd4 37. Nc3 Nb8 38. Na4 Be7 39. Bd2 Nbc6 40. Ncb6 Kd6 41. Kc4 Kc7 42. Nd5+ Kd6 43. Nxc5 Bf8 44. b4 Nd8 45. b5 N8e6 46. Bb4 Nc2 47. Nxe6+ Nxb4 48. Nxf8 1-0

[Event "December 5 Early 2023"]
[Site "https://www.chess.com"]
[Date "2023.12.05"]
[Round "1"]
[White "Gutierrez Olivares, Daniel"]
[Black "Bortnyk, Olexandr"]
[Result "0-1"]
[Board "6"]
[TimeControl "180+1"]
[WhiteFideId "2264005"]
[BlackFideId "14120828"]
[WhiteElo "2530"]
[BlackElo "3076"]
[WhiteTeam "ESP"]
[BlackTeam "UKR"]
[WhiteClock "0:00:00"]
[BlackClock "0:01:26"]

1. Nf3 Nf6 2. b3 d5 3. Bb2 Bf5 4. e3 e6 5. Bd3 Bxd3 6. cxd3 c5 7. d4 Nc6 8. O-O cxd4 9. Nxd4 Bd6 10. Nxc6 bxc6 11. Nc3 e5 12. Rc1 O-O 13. Na4 Rc8 14. Nc5 Qe7 15. d4 e4 16. Qe2 h5 17. h3 Rfe8 18. Rc2 g5 19. Rfc1 g4 20. hxg4 Nxg4 21. g3 f5 22. Kg2 h4 23. Rh1 hxg3 24. fxg3 Qg5 25. Bc1 Rc7 26. Rh3 Rh7 27. Rxh7 Kxh7 28. Qe1 Kg6 29. Nb7 Rh8 30. Rxc6 Rh2+ 31. Kg1 Qh5 32. Rxd6+ Kg5 0-1

[Event "December 5 Early 2023"]
[Site "https://www.chess.com"]
[Date "2023.12.05"]
[Round "1"]
[White "Caruana, Fabiano"]
[Black "Silva Lucena, Cristian"]
[Result "1-0"]
[Board "7"]
[TimeControl "180+1"]
[WhiteFideId "2020009"]
[BlackFideId "2232588"]
[WhiteElo "3073"]
[BlackElo "2530"]
[WhiteTeam "USA"]
[BlackTeam "ESP"]
[WhiteClock "0:00:28"]
[BlackClock "0:00:00"]

1. b3 g6 2. Bb2 Nf6 3. Nf3 Bg7 4. e3 O-O 5. c4 d6 6. Nc3 e5 7. Be2 Re8 8. O-O Nbd7 9. Qc2 Nf8 10. d4 e4 11. Nd2 Bf5 12. d5 h5 13. Rfd1 h4 14. h3 N8h7 15. Nb5 Qd7 16. Bf1 g5 17. c5 g4 18. cxd6 cxd6 19. Qc7 Red8 20. Qxd7 Rxd7 21. hxg4 Bxg4 22. Rdc1 a6 23. Nd4 Ng5 24. Be2 Bxe2 25. Nxe2 Nxd5 26. Bxg7 Kxg7 27. Rc4 Nf6 28. Rac1 d5 29. Rc7 Rad8 30. Nd4 Kg6 31. b4 h3 32. gxh3 Nxh3+ 33. Kg2 Ng5 34. N2b3 Ne8 35. Rxd7 Rxd7 36. Rc8 Nd6 37. Rg8+ Kf6 38. Nc5 Re7 39. a4 Nf5 40. Nxf5 Kxf5 41. Rb8 Ne6 42. Rxb7 Rxb7 43. Nxb7 d4 44. exd4 Nxd4 45. Nc5 a5 46. bxa5 Nc6 47. a6 Ke5 48. Nd7+ Kd6 49. Nf6 Ke5 50. Ne8 f5 51. Nc7 1-0

[Event "December 5 Early 2023"]
[Site "https://www.chess.com"]
[Date "2023.12.05"]
[Round "1"]
[White "Korchynskyi, Mykola"]
[Black "Pranav, V"]
[Result "0-1"]
[Board "8"]
[TimeControl "180+1"]
[WhiteFideId "34138005"]
[BlackFideId "25060783"]
[WhiteElo "2529"]
[BlackElo "3073"]
[WhiteTeam "UKR"]
[BlackTeam "IND"]
[WhiteClock "0:00:00"]
[BlackClock "0:00:52"]

1. d4 Nf6 2. c4 e6 3. Nc3 Bb4 4. Qc2 O-O 5. a3 Bxc3+ 6. Qxc3 b6 7. Bg5 Bb7 8. e3 d6 9. Ne2 Nbd7 10. Qc2 h6 11. Bh4 c5 12. Rd1 Qc7 13. Nc3 a6 14. dxc5 bxc5 15. f3 d5 16. cxd5 exd5 17. Be2 Rfe8 18. Bf2 Rad8 19. O-O Ne5 20. Rd2 Qe7 21. Rfd1 Rc8 22. h3 Ng6 23. Kh1 Qe6 24. Qa4 Red8 25. Kg1 Rd6 26. Kh1 Rb6 27. Qc2 Ne7 28. Na4 Rbc6 29. Nc3 Rd6 30. Na4 Rdc6 31. Nc3 Rd8 32. Bh4 Rcc8 33. Bf2 Re8 34. Na4 Qc6 35. Nc3 Qd6 36. Qb1 Qe6 37. Qc2 Nf5 38. e4 dxe4 39. fxe4 Nxe4 40. Bf3 Nxf2+ 41. Rxf2 Ne3 42. Qc1 Bxf3 43. Rxf3 Nxd1 44. Qxd1 Rcd8 45. Qa4 Rd2 46. Rg3 Qe5 47. Kh2 Rd3 48. Ne4 Rxg3 49. Nxg3 Re6 50. Qd7 Rg6 0-1

[Event "December 5 Early 2023"]
[Site "https://www.chess.com"]
[Date "2023.12.05"]
[Round "1"]
[White "So, Wesley"]
[Black "Derjabin, Ilja"]
[Result "1-0"]
[Board "9"]
[TimeControl "180+1"]
[WhiteFideId "5202213"]
[BlackFideId "14104768"]
[WhiteElo "3055"]
[BlackElo "2527"]
[WhiteTeam "USA"]
[BlackTeam "UKR"]
[WhiteClock "0:01:47"]
[BlackClock "0:00:00"]

1. b3 Nf6 2. Bb2 g6 3. Nf3 Bg7 4. c4 O-O 5. g3 d6 6. Bg2 e5 7. O-O Re8 8. Nc3 Nc6 9. d3 Be6 10. Ng5 Bf5 11. e3 h6 12. Nge4 Nxe4 13. dxe4 Be6 14. Qe2 Qd7 15. Rfd1 Bg4 16. f3 Bh3 17. c5 Bxg2 18. Kxg2 Rad8 19. cxd6 cxd6 20. Rd2 a6 21. Rad1 Qe6 22. Nd5 Rc8 23. Nb6 Rcd8 24. Nd5 Rc8 25. Nb6 Rcd8 26. Ba3 Bf8 27. Qc4 Qf6 28. Nd5 Qg7 29. g4 Kh7 30. h4 Rc8 31. Nb6 Rc7 32. Bxd6 Bxd6 33. Rxd6 Qf8 34. Nd7 Rxd7 35. Rxd7 Re7 36. g5 hxg5 37. hxg5 Kg7 38. Qc5 Rxd7 39. Qxf8+ Kxf8 40. Rxd7 1-0

[Event "December 5 Early 2023"]
[Site "https://www.chess.com"]
[Date "2023.12.05"]
[Round "1"]
[White "Baches Garcia, Guillermo"]
[Black "Aronian, Levon"]
[Result "0-1"]
[Board "10"]
[TimeControl "180+1"]
[WhiteFideId "2209764"]
[BlackFideId "13300474"]
[WhiteElo "2527"]
[BlackElo "3053"]
[WhiteTeam "ESP"]
[BlackTeam "USA"]
[WhiteClock "0:00:05"]
[BlackClock "0:00:39"]

1. d4 Nf6 2. Nf3 g6 3. Bg5 Bg7 4. Nbd2 O-O 5. e3 d6 6. Bc4 Nc6 7. c3 Qe8 8. O-O e5 9. h3 Kh8 10. a4 a5 11. Re1 Nd7 12. Bh4 Nb6 13. Bb5 Bd7 14. Nc4 Nxc4 15. Bxc4 f6 16. e4 Bh6 17. Bg3 Rd8 18. Qb3 b6 19. Rad1 Qe7 20. Bb5 Nb8 21. Bf1 Be6 22. c4 Nd7 23. Qc3 c5 24. dxe5 dxe5 25. b3 Kg8 26. Nh2 Nb8 27. Ng4 Bxg4 28. hxg4 Nc6 29. f3 Rd4 30. Bf2 Nb4 31. Bxd4 cxd4 32. Qb2 Be3+ 33. Rxe3 dxe3 34. Qe2 Qc5 35. Re1 Rd8 36. Qxe3 Nc2 37. Qxc5 bxc5 38. Re2 Nd4 39. Re3 Rb8 40. Kf2 Nxb3 41. Be2 Nd4 42. Bd1 Rb2+ 43. Kf1 Kg7 44. Rd3 Kh6 45. g3 Kg5 46. Ke1 Rg2 47. Rd2 Rxg3 48. Rf2 Kf4 49. Kd2 Rh3 50. Kc3 Rh1 51. Bb3 Ke3 52. Rb2 Ne2+ 53. Kc2 Rc1# 0-1

[Event "December 5 Early 2023"]
[Site "https://www.chess.com"]
[Date "2023.12.05"]
[Round "1"]
[White "Le, Tuan Minh"]
[Black "Dauner, Benedikt"]
[Result "1-0"]
[Board "11"]
[TimeControl "180+1"]
[WhiteFideId "12401153"]
[BlackFideId "16225899"]
[WhiteElo "3052"]
[BlackElo "2524"]
[WhiteTeam "VIE"]
[BlackTeam "GER"]
[WhiteClock "0:00:38"]
[BlackClock "0:00:00"]

1. d4 Nf6 2. Nf3 c5 3. c3 Qc7 4. Bg5 d6 5. Nbd2 Nbd7 6. e4 g6 7. Bd3 Bg7 8. O-O O-O 9. h3 b6 10. Qe2 e6 11. e5 dxe5 12. dxe5 Nd5 13. Rfe1 h6 14. c4 Nb4 15. Bf4 Nxd3 16. Qxd3 Bb7 17. Qe3 Kh7 18. Ne4 Bxe4 19. Qxe4 Rfd8 20. Rad1 Rac8 21. h4 Nb8 22. h5 Rxd1 23. Rxd1 Rd8 24. Rd6 Rxd6 25. exd6 Qc6 26. hxg6+ fxg6 27. Qxe6 Qd7 28. Qe7 Kg8 29. Be5 Bf8 30. Qf6 Bg7 31. Qxg6 Qf7 32. Qxf7+ Kxf7 33. Bxg7 Kxg7 34. Ne5 Kf6 35. f4 Ke6 36. d7 Nxd7 37. Nxd7 Kxd7 38. g4 Ke6 39. Kf2 a6 40. a4 a5 41. Kf3 Kf6 42. Ke4 Ke6 43. f5+ 1-0

[Event "December 5 Early 2023"]
[Site "https://www.chess.com"]
[Date "2023.12.05"]
[Round "1"]
[White "Masague Artero, Guerau"]
[Black "Oparin, Grigoriy"]
[Result "0-1"]
[Board "12"]
[TimeControl "180+1"]
[WhiteFideId "32098952"]
[BlackFideId "24125890"]
[WhiteElo "2524"]
[BlackElo "3051"]
[WhiteTeam "ESP"]
[BlackTeam "USA"]
[WhiteClock "0:00:00"]
[BlackClock "0:01:16"]

1. e4 c5 2. Nc3 Nc6 3. Bb5 Nd4 4. Bc4 e6 5. Nf3 a6 6. d3 b5 7. Bb3 Nxb3 8. axb3 Bb7 9. O-O Nf6 10. e5 Nd5 11. Ne4 Qc7 12. Re1 f5 13. exf6 Nxf6 14. Nxf6+ gxf6 15. Ng5 O-O-O 16. Nf7 Rg8 17. f3 Re8 18. Nh6 Rg6 19. Ng4 Bd6 20. h3 Reg8 21. Kh1 h5 22. Ne3 Rg3 23. Rf1 Bf4 24. Rf2 Qe5 25. Nf1 Bxf3 26. Bxf4 Rxh3+ 27. Kg1 Qxf4 28. Qd2 Qh4 0-1

[Event "December 5 Early 2023"]
[Site "https://www.chess.com"]
[Date "2023.12.05"]
[Round "1"]
[White "Bluebaum, Matthias"]
[Black "Budrewicz, Krzysztof"]
[Result "1-0"]
[Board "13"]
[TimeControl "180+1"]
[WhiteFideId "24651516"]
[BlackFideId "1127950"]
[WhiteElo "3049"]
[BlackElo "2522"]
[WhiteTeam "GER"]
[BlackTeam "POL"]
[WhiteClock "0:00:33"]
[BlackClock "0:00:10"]

1. d4 c5 2. d5 f5 3. c4 g6 4. Nc3 Bg7 5. h4 Bxc3+ 6. bxc3 Nf6 7. h5 gxh5 8. e4 Qa5 9. exf5 Qxc3+ 10. Bd2 Qe5+ 11. Be2 d6 12. Nf3 Qxf5 13. Ng5 Qg6 14. Rxh5 Bf5 15. Rh2 Nbd7 16. Nf3 Bd3 17. Rh6 Qe4 18. Rh4 Bxe2 19. Qxe2 Qxe2+ 20. Kxe2 O-O-O 21. Ng5 Ne5 22. Bc3 Ng6 23. Rh6 Ng4 24. Rhh1 N4e5 25. Bxe5 Nxe5 26. f4 Nxc4 27. Nf7 Rhf8 28. Nxd8 Kxd8 29. g3 Rf7 30. Rh5 b5 31. Rah1 b4 32. Rxh7 Rf5 33. R1h5 Rf6 34. Rg7 Nb6 35. Ke3 a5 36. Ke4 Rf8 37. Rgh7 Nd7 38. Rh8 Nf6+ 39. Kd3 Rxh8 40. Rxh8+ Kd7 41. Kc4 a4 42. Ra8 a3 43. Ra7+ Ke8 44. Ra8+ Kf7 45. Rh8 Ne4 46. g4 Nd2+ 47. Kd3 Nb1 48. Rh2 Nc3 49. Kc4 Kf6 50. Rc2 Nd1 51. Re2 Nc3 52. g5+ Kf7 53. Rh2 Ne4 54. Rh3 Nf2 55. Re3 Nd1 56. Rf3 Nc3 57. Rxc3 bxc3 58. Kxc3 Kg6 59. Kb3 Kf7 60. Kxa3 e6 61. dxe6+ Kxe6 62. Kb3 d5 63. a4 d4 64. Kc4 Kf5 65. a5 Ke4 66. a6 d3 67. a7 d2 68. a8=Q+ Ke3 69. Qd5 1-0

[Event "December 5 Early 2023"]
[Site "https://www.chess.com"]
[Date "2023.12.05"]
[Round "1"]
[White "Kurmangaliyeva, Liya"]
[Black "Duda, Jan-Krzysztof"]
[Result "0-1"]
[Board "14"]
[TimeControl "180+1"]
[WhiteFideId "13725831"]
[BlackFideId "1170546"]
[WhiteElo "2521"]
[BlackElo "3047"]
[WhiteTeam "KAZ"]
[BlackTeam "POL"]
[WhiteClock "0:00:10"]
[BlackClock "0:00:08"]

1. d4 Nf6 2. c4 g6 3. Nc3 Bg7 4. e4 d6 5. h3 O-O 6. Be3 e5 7. d5 a5 8. g4 Na6 9. Nge2 Nd7 10. Ng3 Ndc5 11. Be2 Bf6 12. Qd2 Bh4 13. O-O-O Bd7 14. Kb1 Na4 15. Nb5 N6c5 16. Qc2 Bg5 17. b3 Bxe3 18. fxe3 Bxb5 19. cxb5 Qh4 20. Rdg1 Nb6 21. Bf3 h6 22. Nf1 Kh7 23. g5 h5 24. Rg2 Qe1+ 25. Kb2 a4 26. Qd2 Qh4 27. b4 Nc4+ 0-1

[Event "December 5 Early 2023"]
[Site "https://www.chess.com"]
[Date "2023.12.05"]
[Round "1"]
[White "Tabatabaei, M. Amin"]
[Black "Yelisieiev, Yevhenii"]
[Result "1-0"]
[Board "15"]
[TimeControl "180+1"]
[WhiteFideId "12521213"]
[BlackFideId "14139642"]
[WhiteElo "3034"]
[BlackElo "2518"]
[WhiteTeam "IRI"]
[BlackTeam "GER"]
[WhiteClock "0:02:17"]
[BlackClock "0:00:03"]

1. d4 d6 2. e4 Nf6 3. Nc3 e5 4. Nf3 Nbd7 5. Rg1 c6 6. g4 h6 7. h4 exd4 8. Nxd4 Ne5 9. f3 Nfxg4 10. Bf4 Nf6 11. Qd2 Nh5 12. O-O-O Qxh4 13. Bxe5 dxe5 14. Ndb5 Qe7 15. Bc4 a6 16. Nd5 cxd5 17. Qxd5 Be6 18. Qxe5 Rc8 19. Bxe6 Qxe6 20. Nc7+ Rxc7 21. Qxc7 Be7 22. Qb8+ Bd8 23. Qxd8# 1-0

[Event "December 5 Early 2023"]
[Site "https://www.chess.com"]
[Date "2023.12.05"]
[Round "1"]
[White "Andreev, Konstantin"]
[Black "Praggnanandhaa R"]
[Result "0-1"]
[Board "16"]
[TimeControl "180+1"]
[WhiteFideId "24239305"]
[BlackFideId "25059530"]
[WhiteElo "2518"]
[BlackElo "3021"]
[WhiteTeam "ITA"]
[BlackTeam "IND"]
[WhiteClock "0:00:01"]
[BlackClock "0:00:42"]

1. e4 Nc6 2. Nf3 d6 3. d4 Nf6 4. Nc3 g6 5. Bc4 Bg7 6. h3 O-O 7. Bb3 a6 8. a4 Nd7 9. O-O e5 10. Be3 h6 11. Qd2 Kh7 12. Rfe1 f5 13. exf5 gxf5 14. dxe5 dxe5 15. g3 Qe8 16. Rad1 Qh5 17. Kg2 Nf6 18. Bc5 Re8 19. Qe2 b6 20. Ba3 Bb7 21. Nd5 Nxd5 22. Bxd5 Nd4 23. Nxd4 Bxd5+ 24. Kh2 Qxe2 25. Nxe2 Rad8 26. Nc3 Bf3 27. Rd3 e4 28. Rxd8 Rxd8 29. Nb1 Be5 30. c3 h5 31. Be7 Rd3 32. Bg5 Kg6 33. h4 f4 34. Bxf4 Bxf4 35. gxf4 Kf5 36. Kg3 Bg4+ 37. Re3 Rd1 38. Na3 Bf3 39. Nc4 Rg1+ 40. Kh2 Rg2+ 41. Kh3 Kxf4 42. Re1 Rxf2 43. Ne3 Bg4+ 0-1

[Event "December 5 Early 2023"]
[Site "https://www.chess.com"]
[Date "2023.12.05"]
[Round "1"]
[White "Xiong, Jeffery"]
[Black "Rizzo, Tobias"]
[Result "1/2-1/2"]
[Board "17"]
[TimeControl "180+1"]
[WhiteFideId "2047640"]
[BlackFideId "30942691"]
[WhiteElo "3016"]
[BlackElo "2516"]
[WhiteTeam "USA"]
[BlackTeam "USA"]
[WhiteClock "0:00:23"]
[BlackClock "0:00:30"]

1. e4 c5 2. Nf3 e6 3. c3 Nf6 4. Bd3 Nc6 5. Bc2 d5 6. e5 Nd7 7. d4 Be7 8. Nbd2 a6 9. Nf1 b5 10. Ng3 h5 11. O-O h4 12. Ne2 h3 13. g3 Bb7 14. Be3 Rc8 15. Qd2 b4 16. Ba4 Qa5 17. Qd1 c4 18. Bg5 Ba8 19. Bxe7 Kxe7 20. Bc2 Rb8 21. Qd2 bxc3 22. bxc3 Rb2 23. Rfc1 Rhb8 24. Qg5+ Kf8 25. Nf4 Qxc3 26. Bd1 Qa3 27. Nxh3 Rxa2 28. Rxa2 Qxa2 29. Nf4 Rb2 30. Nh5 g6 31. Qh6+ Ke7 32. Qg5+ Kf8 33. Qh6+ Ke7 34. Qg5+ Kf8 1/2-1/2

[Event "December 5 Early 2023"]
[Site "https://www.chess.com"]
[Date "2023.12.05"]
[Round "1"]
[White "Koc, Przemyslaw"]
[Black "Zemlyanskii, Ivan"]
[Result "0-1"]
[Board "18"]
[TimeControl "180+1"]
[WhiteFideId "1109081"]
[BlackFideId "24249971"]
[WhiteElo "2514"]
[BlackElo "3009"]
[WhiteTeam "POL"]
[BlackTeam "RUS"]
[WhiteClock "0:00:18"]
[BlackClock "0:00:14"]

1. d4 d5 2. Nf3 Nf6 3. g3 c5 4. Bg2 cxd4 5. O-O e6 6. Nxd4 e5 7. Nb3 Be6 8. c4 Nc6 9. cxd5 Nxd5 10. Nc3 Nxc3 11. bxc3 Qxd1 12. Rxd1 Rc8 13. Be3 b6 14. Bd5 Bxd5 15. Rxd5 Be7 16. Rad1 f6 17. f4 Kf7 18. Rd7 Rhd8 19. f5 g6 20. fxg6+ hxg6 21. Bf2 Ke6 22. Rxd8 Nxd8 23. Be1 Nf7 24. Kg2 Ng5 25. Rc1 Rc4 26. Nd2 Ra4 27. Rc2 f5 28. h4 Nf7 29. c4 Bc5 30. Nb3 Nd6 31. Nxc5+ bxc5 32. Bf2 Ne4 33. Be1 Kd6 34. Kf3 Ra3+ 35. e3 Nf6 36. Bc3 Ra4 37. Bb2 Ke6 38. Bc1 Ne4 39. g4 Nd6 40. h5 fxg4+ 41. Kxg4 Nxc4 42. Kg5 gxh5 43. Kxh5 Kd5 44. Kg6 Ke4 45. Kf6 Nb6 46. Rxc5 Nd7+ 0-1

[Event "December 5 Early 2023"]
[Site "https://www.chess.com"]
[Date "2023.12.05"]
[Round "1"]
[White "Paravyan, David"]
[Black "Kozlov, Gennady"]
[Result "1-0"]
[Board "19"]
[TimeControl "180+1"]
[WhiteFideId "4194985"]
[BlackFideId "4191668"]
[WhiteElo "3004"]
[BlackElo "2514"]
[WhiteTeam "FID"]
[BlackTeam "ESP"]
[WhiteClock "0:02:07"]
[BlackClock "0:02:32"]

1. e4 e6 2. d4 d5 3. Nc3 Nf6 4. Bg5 Be7 5. e5 Nfd7 6. h4 Nc6 7. Nf3 Nb6 8. Bd3 Bd7 9. Qe2 f6 10. exf6 Bxf6 11. O-O-O Qe7 12. Rhe1 O-O-O 13. Kb1 a5 14. a3 a4 15. Bb5 Qd6 16. Nxa4 Nxa4 17. Bxa4 Na5 18. Bxd7+ Kxd7 19. Qb5+ Nc6 20. Ne5+ Bxe5 21. dxe5 Qf8 22. Bxd8 Kxd8 23. Qxb7 Kd7 24. Re3 Qe7 25. Rc3 1-0

[Event "December 5 Early 2023"]
[Site "https://www.chess.com"]
[Date "2023.12.05"]
[Round "1"]
[White "Rietze, Clemens, Dr."]
[Black "Sarana, Alexey"]
[Result "0-1"]
[Board "20"]
[TimeControl "180+1"]
[WhiteFideId "24620351"]
[BlackFideId "24133795"]
[WhiteElo "2514"]
[BlackElo "3003"]
[WhiteTeam "GER"]
[BlackTeam "SRB"]
[WhiteClock "0:00:00"]
[BlackClock "0:00:30"]

1. d4 Nf6 2. c4 e6 3. Nf3 d5 4. g3 Bb4+ 5. Nbd2 Be7 6. Bg2 O-O 7. O-O Nbd7 8. Qc2 c5 9. cxd5 Nxd5 10. e4 Nb4 11. Qb1 cxd4 12. Nxd4 Nc5 13. N2f3 Nbd3 14. Be3 Qb6 15. Nb3 Qb4 16. Nxc5 Nxc5 17. Nd4 Bd7 18. Rd1 Rfd8 19. a3 Qa4 20. b3 Qa6 21. Bf1 b5 22. a4 Qb7 23. axb5 Nxe4 24. Bg2 f5 25. Qa2 Bf6 26. Qa6 Qxa6 27. Rxa6 Bc8 28. Bxe4 fxe4 29. Raa1 Bd7 30. Rac1 Rdc8 31. Nc6 Be8 32. Rd6 Kf7 33. Rdd1 a6 34. Nd4 Rxc1 35. Rxc1 axb5 36. Rc7+ Kg8 37. Nc6 h5 38. Na7 Rd8 39. Kg2 h4 40. gxh4 Rd5 41. Bg5 Bxg5 42. hxg5 Rxg5+ 43. Kf1 Bh5 44. Nc6 Kh7 45. Nd4 Rd5 46. Nc2 Bf3 47. Ne3 Rd3 48. Ke1 Rxb3 49. Kd2 Rb2+ 50. Kc3 Rxf2 51. Kd4 Re2 0-1

[Event "December 5 Early 2023"]
[Site "https://www.chess.com"]
[Date "2023.12.05"]
[Round "1"]
[White "Makarian, Rudik"]
[Black "Martinez Martin, David"]
[Result "1-0"]
[Board "21"]
[TimeControl "180+1"]
[WhiteFideId "44105681"]
[BlackFideId "2209748"]
[WhiteElo "2997"]
[BlackElo "2512"]
[WhiteTeam "FID"]
[BlackTeam "ESP"]
[WhiteClock "0:00:19"]
[BlackClock "0:00:03"]

1. d4 d5 2. c4 e6 3. Nf3 Nf6 4. g3 dxc4 5. Bg2 c5 6. O-O Nc6 7. Qa4 Bd7 8. Qxc4 b5 9. Qd3 c4 10. Qc2 Nb4 11. Qd1 Bc6 12. Nc3 Bd6 13. Bg5 h6 14. Bxf6 Qxf6 15. e4 Qe7 16. d5 Bd7 17. e5 Bc5 18. d6 Qd8 19. Ne4 Bb6 20. Nh4 Nd3 21. Qh5 Bd4 22. Rad1 Qb6 23. Kh1 O-O-O 24. f4 g6 25. Qe2 Nxb2 26. Rxd4 Qxd4 27. Nf6 a5 28. Nf3 Qb6 29. Qxb2 b4 30. Nxd7 Rxd7 31. Qc2 Kb8 32. Qxc4 Rc8 33. Qe4 Qb7 34. Qe2 Qb6 35. Nd2 a4 36. Qe4 Qa7 37. Qxb4+ Rb7 38. Qxb7+ Qxb7 39. Bxb7 Kxb7 40. Rb1+ Ka7 41. Rb4 Rc2 42. Rxa4+ Kb7 43. Rb4+ 1-0

[Event "December 5 Early 2023"]
[Site "https://www.chess.com"]
[Date "2023.12.05"]
[Round "1"]
[White "Lebedev, Artem S."]
[Black "Martinez Alcantara, Jose Eduardo"]
[Result "0-1"]
[Board "22"]
[TimeControl "180+1"]
[WhiteFideId "34272747"]
[BlackFideId "3805662"]
[WhiteElo "2510"]
[BlackElo "2988"]
[WhiteTeam "RUS"]
[BlackTeam "PER"]
[WhiteClock "0:00:00"]
[BlackClock "0:01:48"]

1. e4 c5 2. Nf3 d6 3. d4 cxd4 4. Nxd4 a6 5. Nc3 e6 6. Be3 b5 7. f3 Nf6 8. a3 h5 9. Qd2 Nbd7 10. O-O-O Bb7 11. Nb3 Rc8 12. Kb1 Be7 13. Be2 Qc7 14. Rhg1 Ne5 15. Na2 d5 16. exd5 Nxd5 17. Bd4 O-O 18. Bd3 Nxd3 19. Qxd3 Rfd8 20. Rd2 Bg5 21. Rf2 e5 22. Bc5 Ne3 23. Qe2 Nc4 24. Bb4 Be3 25. Bc3 Bxf2 26. Qxf2 a5 27. g4 h4 28. Qxh4 a4 29. Nbc1 Nd2+ 0-1

[Event "December 5 Early 2023"]
[Site "https://www.chess.com"]
[Date "2023.12.05"]
[Round "1"]
[White "Matlakov, Maxim"]
[Black "Tikhonov, Viacheslav"]
[Result "1-0"]
[Board "23"]
[TimeControl "180+1"]
[WhiteFideId "4168003"]
[BlackFideId "44196407"]
[WhiteElo "2982"]
[BlackElo "2509"]
[WhiteTeam "RUS"]
[BlackTeam "RUS"]
[WhiteClock "0:01:16"]
[BlackClock "0:00:11"]

1. d4 f5 2. Bf4 Nf6 3. e3 g6 4. h4 h6 5. Nc3 Bg7 6. Qf3 O-O 7. Qg3 Nh5 8. Qxg6 Nxf4 9. exf4 c5 10. dxc5 Qa5 11. Nf3 Qxc5 12. Ng5 Rf6 13. Qh7+ Kf8 14. O-O-O Qxf2 15. Nd5 Nc6 16. Bc4 e6 17. Nxf6 Qxf4+ 18. Kb1 Qxc4 19. Qg8+ Ke7 20. Qxg7+ Kd8 21. Rxd7+ Bxd7 22. Qxd7# 1-0